 Dungeon Crawl Stone Soup version 0.29.0-4-gdea44cf6ec (webtiles) character file.

Game seed: 179429764142915258

2286 qw the Cleaver (level 9, -3/50 HPs)
             Began as a Tengu Warper on Aug 28, 2022.
             Killed from afar by Maggie (18 damage)
             ... with a bolt of fire
             ... on level 6 of the Dungeon.
             The game lasted 00:00:36 (8140 turns).

qw the Cleaver (Tengu Warper)                       Turns: 8140, Time: 00:00:36

Health: -3/50      AC:  7    Str: 20      XL:     9   Next: 39%
Magic:  13/13      EV: 10    Int: 12 (13) God:
Gold:   109        SH: 20    Dex: 14      Spells: 12/12 levels left

rFire   . . .      SeeInvis .   Y - +1 hand axe
rCold   . . .      Faith    .   h - +0 tower shield
rNeg    . . .      Spirit   .   e - +0 ring mail
rPois   .          Reflect  +   s - +0 hat "Yruddu Tilea" {+Inv Str+4}
rElec   .          Harm     .   r - +0 cloak
rCorr   .          Rampage  .   p - +0 pair of gloves
Will    .....                   (boots unavailable)
Stlth   +.........              k - amulet of reflection
HPRegen 0.16/turn               (no ring)
MPRegen 0.13/turn               (no ring)

@: flying quickly and evasively, mesmerised, quick
A: beak, talons 3, nimble flight
a: Evoke Invisibility


You were on level 6 of the Dungeon.
You visited 1 branch of the dungeon, and saw 6 of its levels.

You collected 473 gold pieces.
You spent 364 gold pieces at shops.


Innate Abilities, Weirdness & Mutations

You have a beak for a mouth.
You have claws for feet.
Your magical nature lets you fly swiftly and evasively.


   Skills:
 - Level 3.1 Fighting
 - Level 9.2 Axes
 - Level 1.0 Throwing
 - Level 1.1 Armour
 - Level 3.4 Dodging
 + Level 8.3 Shields
 - Level 2.0 Spellcasting
 - Level 2.4 Translocations


You had 12 spell levels left.
You didn't know any spells.
Your spell library contained the following spells:

 Spells                   Type           Power      Damage    Failure   Level
 Blink                    Tloc           12%        N/A       89%         2
 Gell's Gravitas          Tloc           6%         N/A       98%         3
 Lesser Beckoning         Tloc           6%         N/A       98%         3
 Teleport Other           Tloc           6%         N/A       98%         3
 Manifold Assault         Tloc           6%         N/A       100%        5

Inventory:

Hand Weapons
 b - a +4 eveningstar of draining
 Y - a +1 hand axe (weapon)
Missiles
 c - 2 boomerangs (quivered)
Armour
 e - a +0 ring mail (worn)
 h - a +0 tower shield (worn)
 p - a +0 pair of gloves (worn)
 r - a +0 cloak (worn)
 s - the +0 hat "Yruddu Tilea" (worn) {+Inv Str+4}
   (You acquired it on level 4 of the Dungeon)

   Str:       It affects your strength (+4).
   +Inv:      It lets you turn invisible.
Jewellery
 f - a +4 ring of slaying {mikee}
 j - a ring of ice
 k - an amulet of reflection (around neck)
Scrolls
 u - a scroll of identify
Potions
 a - 4 potions of curing
 d - a potion of mutation {unknown}
 g - a potion of magic {unknown}
 i - a potion of flight {unknown}
 l - a potion of berserk rage {unknown}
 m - a potion of might
 n - 3 potions of heal wounds
 o - 3 potions of haste
 w - a potion of resistance {unknown}
 x - a potion of ambrosia {unknown}

Dungeon Overview and Level Annotations

Branches:
Dungeon (6/15)
 Temple: D:4-7

Altars:

Shops:
D:5 !

Annotations:
D:6 Maggie


Message History

The phantom is almost destroyed.
The phantom hits you.
The phantom blinks!
You blink.
You miss the phantom. Your kick misses the phantom.
Your peck misses the phantom.
The phantom is almost destroyed.
You hit Maggie. Maggie closely misses you. You block the phantom's attack.
The phantom hits you but does no damage.
Maggie hits you with a +0 scimitar!
You closely miss the phantom. You claw the phantom, but do no damage.
The phantom is almost destroyed.
You hit Maggie.
Maggie casts a spell.
Maggie attempts to bespell you!
You are mesmerised by Maggie!
The phantom hits you but does no damage.
You slash the phantom!
You destroy the phantom!
You hit Maggie but do no damage. Maggie barely misses you.
You block Maggie's attack.
You feel your strength returning.
You hit Maggie but do no damage.
Maggie is lightly wounded.
Maggie says, "Leave now, and tell all of Margery's mercy!"
You block Maggie's attack. Maggie closely misses you.
You hit Maggie. You claw Maggie. Your peck misses Maggie.
Maggie is moderately wounded.
Maggie points at you and mumbles some strange words.
The bolt of fire hits you!! Maggie hits you but does no damage.
You slash Maggie! Your peck misses Maggie.
Maggie is moderately wounded.
You block Maggie's attack.
You closely miss Maggie. You claw Maggie, but do no damage.
Maggie is moderately wounded.
You block Maggie's attack. x2
You hit Maggie but do no damage. Your kick misses Maggie.
Maggie is moderately wounded.
Maggie points at you and mumbles some strange words.
The bolt of fire hits you!!
You die...

#.#
#.#.#.#...#..###
#.#
#.#.#.#...#....###
#.#
#.#.#.##.##.....:##
#.#.# #.##.#..#..##
#.#.# #. #.#.....).
#.#.# ## #######...
#.#.# ....##.#
#.#.# .......)
#.#@# )...####
#.#@#### 5.. ####
#......# . #...
###.##.... #### #.#
. # #.# # #.# # #.#
# @# #


You could see Maggie (mesmerising, fast).

Vanquished Creatures
  Pikel (D:6)
  A wyvern (D:4)
  Edmund (D:6)
  A water moccasin (D:5)
  2 ice beasts (D:5)
  4 black bears
  3 ogres
  2 lemures (D:6)
  2 phantoms (D:6)
  A necrophage (D:5)
  2 scorpions (D:6)
  A hound (D:6)
  A jelly (D:6)
  2 iguanas
  12 adders
  An ufetubus (D:6)
  2 worms
  5 dart slugs
  An orc (D:5)
  12 endoplasms
  8 giant cockroaches
  7 goblins
  6 hobgoblins
  7 jackals (D:3)
  5 kobolds
  4 quokkas
  4 ball pythons
  8 bats
  6 frilled lizards
  4 rats
116 creatures vanquished.

Notes
Turn   | Place    | Note
-------+----------+-------------------------------------------
     0 | D:1      | qw the Tengu Warper began the quest for the Orb.
     0 | D:1      | Reached XP level 1. HP: 12/12 MP: 4/4
     0 | D:1      | 0 ||| qw: Version: 0.1-a-89-g26bdef1
     0 | D:1      | 0 ||| qw: Game counter: 1856
     0 | D:1      | 0 ||| qw: Always use a shield: true
     0 | D:1      | 0 ||| qw: God list: Okawaru
     0 | D:1      | 0 ||| qw: Allow faded altars: false
     0 | D:1      | 0 ||| qw: Do Orc after D:15 true
     0 | D:1      | 0 ||| qw: Do second Lair branch before Depths: true
     0 | D:1      | 0 ||| qw: Lair rune preference: random
     0 | D:1      | 0 ||| qw: Plans: Normal
     0 | D:1      | 0 ||| PLANNING D:1-11
   381 | D:1      | Reached skill level 3 in Axes
   381 | D:1      | Reached XP level 2. HP: 13/17 MP: 6/6
   672 | D:1      | 672 ||| Stepping ~*~*~tactically~*~*~ (cloud).
   673 | D:1      | 673 ||| READING scroll labelled ENGICS RIUMU.
   750 | D:1      | HP: 1/17 [something (10)]
  1052 | D:1      | 1052 ||| DRINKING 2 orange potions.
  1053 | D:1      | 1053 ||| DROPPING scroll of blinking.
  1054 | D:1      | 1054 ||| DROPPING potion of brilliance.
  1055 | D:1      | 1055 ||| Stepping randomly (stuck).
  1370 | D:1      | Reached XP level 3. HP: 21/21 MP: 7/7
  1436 | D:1      | 1436 ||| DROPPING +0 club.
  1585 | D:1      | 1585 ||| Stepping ~*~*~tactically~*~*~ (stealth).
  1586 | D:1      | 1586 ||| Stepping ~*~*~tactically~*~*~ (stealth).
  1587 | D:1      | 1587 ||| Stepping ~*~*~tactically~*~*~ (stealth).
  1588 | D:1      | 1588 ||| Stepping ~*~*~tactically~*~*~ (stealth).
  1593 | D:1      | Reached skill level 4 in Axes
  1600 | D:1      | 1600 ||| Stepping ~*~*~tactically~*~*~ (hiding).
  1702 | D:1      | 1702 ||| Stepping ~*~*~tactically~*~*~ (hiding).
  1705 | D:1      | 1705 ||| Stepping ~*~*~tactically~*~*~ (hiding).
  1821 | D:1      | Found a faded altar of an unknown god.
  1921 | D:1      | 1921 ||| UPGRADING to +0 ring mail.
  1931 | D:1      | 1931 ||| DROPPING +0 leather armour.
  1932 | D:1      | 1932 ||| UPGRADING to +0 tower shield.
  1937 | D:1      | 1937 ||| READING scroll labelled NUILUCUNUT.
  1937 | D:1      | Identified a scroll of acquirement
  1937 | D:1      | 1937 ||| ACQUIRING +4 eveningstar of draining
  1937 | D:1      | Acquired a +4 eveningstar of draining
  1939 | D:1      | 1939 ||| DROPPING +0 mace.
  2223 | D:2      | Reached skill level 1 in Shields
  2270 | D:2      | Reached XP level 4. HP: 21/26 MP: 8/8
  2847 | D:2      | 2847 ||| Stepping ~*~*~tactically~*~*~ (stealth).
  2859 | D:2      | HP: 5/26 [worm (7)]
  2861 | D:2      | HP: 1/26 [hobgoblin (3)]
  3364 | D:2      | Reached skill level 3 in Shields
  3364 | D:2      | Gained mutation: Your magical nature lets you fly swiftly
                  | and evasively. [Tengu growth]
  3364 | D:2      | Reached XP level 5. HP: 24/30 MP: 9/9
  3658 | D:2      | 3658 ||| UPGRADING to amulet of reflection.
  3663 | D:2      | 3663 ||| READING scroll labelled IFIUHE QYOWK.
  3664 | D:2      | 3664 ||| DRINKING 3 murky orange potions.
  3665 | D:2      | 3665 ||| DROPPING 2 potions of attraction.
  3821 | D:3      | 3821 ||| Stepping ~*~*~tactically~*~*~ (hiding).
  3822 | D:3      | 3822 ||| Stepping ~*~*~tactically~*~*~ (hiding).
  4646 | D:3      | 4646 ||| UPGRADING to +0 pair of gloves.
  4651 | D:3      | 4651 ||| DROPPING amulet of the acrobat.
  4652 | D:3      | 4652 ||| READING scroll labelled TUTIXY ROAPTIU.
  4656 | D:3      | 4656 ||| READING scroll labelled ACUTHR ZELOMOGUWEF.
  4657 | D:3      | 4657 ||| DRINKING 3 silvery potions.
  4658 | D:3      | 4658 ||| DRINKING 2 amethyst potions.
  4680 | D:4      | 4680 ||| STAIRDANCE
  4799 | D:4      | 4799 ||| STAIRDANCE
  5005 | D:4      | Noticed an ogre
  5011 | D:4      | HP: 5/30 [ogre/+0 giant club (25)]
  5012 | D:4      | Killed an ogre
  5013 | D:4      | Reached XP level 6. HP: 6/35 MP: 10/10
  5160 | D:4      | 5160 ||| Stepping ~*~*~tactically~*~*~ (stealth).
  5349 | D:4      | Noticed a wyvern
  5360 | D:4      | Killed a wyvern
  5361 | D:4      | Reached skill level 5 in Axes
  5361 | D:4      | Reached XP level 7. HP: 20/40 MP: 11/11
  5611 | D:4      | 5611 ||| READING scroll of acquirement.
  5611 | D:4      | 5611 ||| ACQUIRING +0 hat "Yruddu Tilea" {+Inv Str+4}
  5611 | D:4      | Acquired the +0 hat "Yruddu Tilea" {+Inv Str+4}
  5613 | D:4      | 5613 ||| UPGRADING to +0 cloak.
  5618 | D:4      | 5618 ||| UPGRADING to +0 hat "Yruddu Tilea" {+Inv Str+4}.
  5772 | D:4      | 5772 ||| READING scroll labelled NOPUEZUZUM.
  5798 | D:5      | Entered Level 5 of the Dungeon
  5816 | D:5      | 5816 ||| Stepping ~*~*~tactically~*~*~ (stealth).
  5997 | D:5      | 5997 ||| Stepping ~*~*~tactically~*~*~ (stealth).
  6082 | D:5      | Reached skill level 6 in Shields
  6216 | D:5      | Reached skill level 6 in Axes
  6461 | D:5      | Reached XP level 8. HP: 19/44 MP: 12/12
  6470 | D:5      | HP: 6/44 [ice beast (14)]
  6471 | D:5      | 6471 ||| READING scroll of teleportation.
  6473 | D:5      | Found Cisen's Distillery.
  6748 | D:5      | 6748 ||| BUYING 2 potions of haste (280 gold).
  6748 | D:5      | Bought 2 potions of haste for 280 gold pieces
  6748 | D:5      | 6748 ||| SHOPLISTING 2 potions of heal wounds (140 gold,
                  | have 123).
  6748 | D:5      | 6748 ||| BUYING potion of curing (42 gold).
  6748 | D:5      | Bought a potion of curing for 42 gold pieces
  6748 | D:5      | 6748 ||| BUYING potion of curing (42 gold).
  6748 | D:5      | Bought a potion of curing for 42 gold pieces
  6748 | D:5      | 6748 ||| SHOPLISTING potion of might (56 gold, have 39).
  6748 | D:5      | 6748 ||| SHOPLISTING potion of mutation (112 gold, have
                  | 39).
  6778 | D:5      | 6778 ||| Stepping ~*~*~tactically~*~*~ (stealth).
  6786 | D:5      | 6786 ||| Stepping ~*~*~tactically~*~*~ (stealth).
  7137 | D:5      | Reached skill level 7 in Axes
  7201 | D:5      | 7201 ||| READING scroll labelled FUESUNN CIDGHONK.
  7202 | D:5      | 7202 ||| READING 2 scrolls labelled FEMI QUWIE.
  7203 | D:5      | 7203 ||| DRINKING 3 lumpy purple potions.
  7229 | D:5      | 7229 ||| DRINKING 4 pink potions.
  7230 | D:5      | 7230 ||| DRINKING 2 sapphire potions.
  7231 | D:5      | 7231 ||| DROPPING 2 potions of lignification.
  7232 | D:5      | 7232 ||| DROPPING scroll of noise.
  7233 | D:5      | 7233 ||| DROPPING potion of degeneration.
  7256 | D:6      | Reached skill level 3 in Fighting
  7549 | D:6      | Noticed Edmund
  7558 | D:6      | Killed Edmund
  7564 | D:6      | Noticed Pikel
  7564 | D:6      | 7564 ||| Stepping ~*~*~tactically~*~*~ (stealth).
  7586 | D:6      | HP: 8/46 [Pikel/+2 whip of flaming (10)]
  7586 | D:6      | HP: 3/46 [Pikel/+2 whip of flaming (5)]
  7587 | D:6      | 7587 ||| READING scroll of teleportation.
  7588 | D:6      | 7588 ||| DRINKING 3 potions of heal wounds.
  7800 | D:6      | Killed Pikel
  7801 | D:6      | Reached skill level 9 in Axes
  7801 | D:6      | Reached XP level 9. HP: 38/50 MP: 13/13
  7970 | D:6      | Reached skill level 3 in Dodging
  8121 | D:6      | Noticed Maggie
  8123 | D:6      | 8123 ||| Stepping ~*~*~tactically~*~*~ (hiding).
  8140 | D:6      | Killed from afar by Maggie

Levels and vault maps discovered:
D:1:      tarquinn_simple_flora_water_a, layout_loops_ring,
          hellmonk_ecumenical_altar_defaced_shrine, minmay_crystal_room,
          lemuel_old_faithful
D:2:      kb_forest_paths, layout_basic
D:3:      layout_basic
D:4:      layout_cave_pools, uniq_crazy_yiuf_cottage
D:5:      layout_loops_ring, serial_shops, shop
D:6:      layout_basic, nzn_wu_jian_contemplation, uniq_edmund, uniq_maggie,
          uniq_pikel

Skill      XL: |  1  2  3  4  5  6  7  8  9 |
---------------+----------------------------+-----
Axes           | 3 4 5 6 9 |  9.2
Shields        | 1 3 5 7 8 |  8.3
Fighting       | 3 |  3.1
Dodging        | 3 |  3.4
Throwing       | |  1.0
Armour         | |  1.1
Spellcasting   | |  2.0
Translocations | |  2.4

Action                   |  1- 3 |  4- 6 |  7- 9 || total
-------------------------+-------+-------+-------++-------
Melee: Hand axe          |    64 |   170 |   172 ||   406
       Kick              |    12 |    42 |    52 ||   106
       Peck              |    10 |    26 |    32 ||    68
Throw: Boomerang         |    40 |    40 |    34 ||   114
  Use: Scroll            |     2 |     3 |     6 ||    11
       Potion            |     1 |     3 |     4 ||     8
Armor: Leather armour    |    11 |       |       ||    11
       Ring mail         |     6 |    31 |    29 ||    66
Dodge: Dodged            |    32 |    38 |    36 ||   106
Block: Tower shield      |     4 |   133 |   184 ||   321
       Reflection        |       |       |     2 ||     2

Table legend:
 A = Non-vault XP
 B = Vault XP
 C = Vault XP percentage of total XP
 D = Non-vault monster count
 E = Vault monster count
 F = Vault count percentage of total count
                 A         B        C        D         E       F
            +---------+---------+-------+---------+---------+-------
      Total |    2400 |     866 |  26.5 |     101 |      13 |  11.4
            +---------+---------+-------+---------+---------+-------
        D:1 |      42 |      12 |  22.2 |      25 |       5 |  16.7
        D:2 |     105 |      29 |  21.6 |      22 |       6 |  21.4
        D:3 |      92 |       0 |   0.0 |      18 |       0 |   0.0
        D:4 |     374 |       0 |   0.0 |      13 |       0 |   0.0
        D:5 |    1032 |       0 |   0.0 |      13 |       0 |   0.0
        D:6 |     755 |     825 |  52.2 |      10 |       2 |  16.7
            +---------+---------+-------+---------+---------+-------
